 Seeded DCSS version 0.30.1 (webtiles) character file.

Game seed: 6351066067085065685 (custom seed)

2248 Esekla the Thaumaturge (level 9, -4/44 (45) HPs)
             Began as a Deep Elf Necromancer on July 5, 2023.
             Was a Believer of Vehumet.
             Shot with a sling bullet by Joseph (17 damage)
             ... on level 7 of the Dungeon.
             The game lasted 00:33:59 (6075 turns).

Esekla the Thaumaturge (Deep Elf Necromancer)       Turns: 6075, Time: 00:34:00

HP:   -4/44 (45)    AC:  4    Str:  5    XL:     9   Next: 15%
MP:   23/23         EV: 14    Int: 25    God:    Vehumet [**....]
Gold: 375           SH:  0    Dex: 15    Spells: 17/25 levels left

rFire   . . .        a - +4 scimitar
rCold   . . .        (no shield)
rNeg    . . .        j - +0 robe
rPois   .            v - +0 helmet
rElec   .            (no cloak)
rCorr   .            h - +0 pair of gloves
SInv    .            (no boots)
Will    .....        B - amulet of magic regeneration
Stlth   +++          (no ring)
HPRegen 0.27/turn    (no ring)
MPRegen 0.58/turn

%: no passive effects
@: lightly drained
A: no striking features
a: Renounce Religion


You were on level 7 of the Dungeon.
You worshipped Vehumet.
Vehumet was pleased with you.
You visited 1 branch of the dungeon, and saw 7 of its levels.

You collected 375 gold pieces.

Inventory:

Hand Weapons
 a - a +4 scimitar (weapon)
 r - a +4 trident of venom
Missiles
 o - 23 poisoned darts (quivered)
 y - 5 throwing nets
 G - 5 curare-tipped darts
Armour
 h - a +0 pair of gloves (worn)
 j - a +0 robe (worn)
 p - a +0 buckler
 v - a +0 helmet (worn)
Jewellery
 B - an amulet of magic regeneration (around neck)
Wands
 f - a wand of roots (22)
 z - a wand of flame (15)
Scrolls
 c - a scroll of enchant armour
 e - a scroll of immolation {unknown}
 l - 2 scrolls of fog {unknown}
 q - 2 scrolls of blinking {unknown}
 s - 2 scrolls of amnesia {unknown}
 t - 3 scrolls of enchant weapon {unknown}
 w - a scroll of summoning {unknown}
 x - a scroll of silence {unknown}
 A - 2 scrolls of fear
 D - a scroll of magic mapping {unknown}
 E - a scroll of teleportation {unknown}
 F - 3 scrolls of noise {unknown}
Potions
 b - a potion of magic
 d - 3 potions of ambrosia
 g - 6 potions of curing {unknown}
 i - 6 potions of attraction
 k - a potion of haste
 m - 3 potions of brilliance
 n - a potion of heal wounds
 u - a potion of mutation
 C - a potion of lignification


   Skills:
 + Level 3.7 Short Blades
 + Level 1.0 Throwing
 * Level 5.6 Dodging
 + Level 5.4 Stealth
 * Level 0.5 Shields
 * Level 8.8 Spellcasting
 * Level 4.4 Conjurations
 + Level 7.4 Necromancy
 * Level 4.1 Translocations


You had 17 spell levels left.
You knew the following spells:

 Your Spells              Type           Power      Damage    Failure   Level
a - Magic Dart            Conj           100%       1d8       1%          1
b - Necrotise             Necr           100%       1d9       1%          1
d - Vampiric Draining     Necr           48%        2d9       1%          3
t - Teleport Other        Tloc           31%        N/A       3%          3

Your spell library contained the following spells:

 Spells                   Type           Power      Damage    Failure   Level
 Momentum Strike          Conj/Tloc      64%        3d9       1%          2
 Lesser Beckoning         Tloc           62%        N/A       1%          2
 Animate Dead             Necr           48%        N/A       2%          4
 Gell's Gravitas          Tloc           31%        N/A       3%          3
 Agony                    Necr           48%        N/A       8%          5
 Spider Form              Tmut/Pois      11%        N/A       17%         3
 Cause Fear               Hex            5%         N/A       50%         4
 Summon Mana Viper        Hex/Summ       11%        N/A       83%         5


Dungeon Overview and Level Annotations

Branches:
Dungeon (7/15)             Temple (0/1) D:6

Altars:
Dithmenos
Fedhas
Hepliaklqana
Okawaru
Qazlal
Trog
Vehumet
Zin
The Shining One

Shops:
D:2 =   D:4 (

Annotations:
D:7 Joseph, Menkaure


Message History

Casting: Magic Dart (safe; 1% risk of failure)
Confirm with . or Enter, or press ? or * to list all spells.
Aiming: Magic Dart (safe; 1% risk of failure)
Press: ? - help, Shift-Dir - straight line, f/p - wight
Aim: a wight, wielding a +3 halberd and wearing a +0 robe (heavily damaged, 100% to hit)
The magic dart hits the wight.
The wight is almost destroyed.
The wight hits you with a +3 halberd.
You feel drained.
Casting: Magic Dart (safe; 1% risk of failure)
Confirm with . or Enter, or press ? or * to list all spells.
Aiming: Magic Dart (safe; 1% risk of failure)
Press: ? - help, Shift-Dir - straight line, f/p - wight
Aim: a wight, wielding a +3 halberd and wearing a +0 robe (severely damaged, 100% to hit)
The magic dart hits the wight!
You destroy the wight!
Vehumet accepts your kill.
You feel your power returning.
Things that are here:
a +3 halberd; a +0 robe You start resting.
Joseph is nearby!
There is an open door here.
Found 5 curare-tipped darts.
F - 3 scrolls labelled MEBRE ZOFEPO You see here 5 curare-tipped darts.
G - 5 curare-tipped darts
Okay, then.
Joseph shouts!
Joseph shoots a sling bullet.
The sling bullet hits you!
There is an open door, spattered with blood here.
There is an open door here.
You close the door.
Joseph breaks down the door.
Joseph shoots a sling bullet.
The sling bullet hits you!
The ogre shouts!
Joseph shoots a sling bullet.
The sling bullet hits you!
* * * LOW HITPOINT WARNING * * *
There is an open door, spattered with blood here.
Joseph shoots a sling bullet.
The sling bullet hits you!
You die...

............#....################
.....#####'##....# #####. .....#
#@.##....# #(..'. .....#
#.###...@###########.###. ######
#.# #.............##.# ##
#######.# #.....#######.##.#
.......@#######.#<)...#.##.#
.............##.##)#..#.##.####
........O)...'@................
.......#.....#####.####..######
.....>.#.....#.<.....##..# #
....O..#.....#.###.#.##..# #
.......#.....#.# #.#.##..# #
.......#.....#.# #.#.##..######
########.....#.###.#.##........
#)....#.....#.##.....###
#############.)'......##


You could see Joseph and an ogre.

Vanquished Creatures
  Pikel (D:6)
  An ice beast (D:6)
  A sky beast (D:6)
  2 black bears
  An ogre (D:5)
  A centaur (D:7)
  A phantom (D:7)
  A kobold brigand (D:6)
  A gnoll sergeant (D:7)
  A bullfrog (D:7)
  2 scorpions (D:5)
  2 wights (D:7)
  A gnoll bouda (D:4)
  6 hounds
  A jelly (D:6)
  A sleepcap (D:5)
  5 iguanas
  16 gnolls
  9 adders
  4 white imps
  An ufetubus (D:6)
  A worm (D:4)
  3 dart slugs
  11 orcs
  6 ball pythons
  4 endoplasms
  8 goblins
  5 hobgoblins
  A quokka (D:1)
  4 bats
  4 frilled lizards
  12 kobolds
  A rat (D:2)
119 creatures vanquished.

Notes
Turn   | Place    | Note
-------+----------+-------------------------------------------
     0 | D:1      | Esekla the Deep Elf Necromancer began the quest for the
                  | Orb.
     0 | D:1      | Reached XP level 1. HP: 10/10 MP: 6/6
   161 | D:1      | Reached skill level 5 in Necromancy
   226 | D:1      | Reached XP level 2. HP: 15/15 MP: 8/8
   315 | D:4      | Found a radiant altar of Vehumet.
   319 | D:4      | Became a worshipper of Vehumet
   402 | D:5      | Entered Level 5 of the Dungeon
   519 | D:3      | Identified the +5 rapier of the Hero {heavy, rN+ Dex+3}
   755 | D:3      | Found a stormy altar of Qazlal.
   909 | D:2      | Noticed a black bear
   944 | D:1      | Reached XP level 3. HP: 16/19 MP: 9/9
   951 | D:1      | Learned a level 3 spell: Vampiric Draining
  1158 | D:2      | Reached * piety under Vehumet
  1158 | D:2      | Offered knowledge of Magic Dart by Vehumet.
  1161 | D:2      | Learned a level 1 spell: Magic Dart
  1231 | D:2      | Found a faded altar of an unknown god.
  1246 | D:2      | Reached XP level 4. HP: 24/24 MP: 11/11
  1289 | D:2      | Killed a black bear
  1290 | D:2      | Reached skill level 1 in Short Blades
  1290 | D:2      | Reached skill level 4 in Spellcasting
  1290 | D:2      | Reached skill level 1 in Conjurations
  1290 | D:2      | Reached XP level 5. HP: 20/28 MP: 5/13
  1458 | D:2      | Found Renulab's Jewellery Shop.
  2076 | D:3      | Found a hazy altar of Hepliaklqana.
  2076 | D:3      | Found a bloodstained altar of Trog.
  2418 | D:4      | Found an iron altar of Okawaru.
  2432 | D:4      | Found a glowing silver altar of Zin.
  2471 | D:3      | Reached XP level 6. HP: 19/32 MP: 6/14
  2616 | D:4      | Found Ponaysk's Antique Weapon Boutique.
  2719 | D:4      | Reached skill level 1 in Translocations
  2973 | D:4      | Found a glowing golden altar of the Shining One.
  3007 | D:4      | Offered knowledge of Momentum Strike by Vehumet.
  3035 | D:4      | Reached skill level 5 in Spellcasting
  3156 | D:5      | Reached ** piety under Vehumet
  3362 | D:5      | Reached XP level 7. HP: 29/36 MP: 4/17
  3850 | D:5      | Found a shadowy altar of Dithmenos.
  3881 | D:5      | Reached skill level 6 in Spellcasting
  3917 | D:5      | Got the Parchment of the Lumpy Olives
  4234 | D:5      | Learned a level 3 spell: Teleport Other
  4571 | D:6      | Noticed Pikel
  4596 | D:6      | Killed Pikel
  4597 | D:6      | Reached skill level 7 in Spellcasting
  4597 | D:6      | Reached XP level 8. HP: 41/41 MP: 7/21
  4694 | D:6      | Found a staircase to the Ecumenical Temple.
  4734 | D:6      | Reached skill level 5 in Dodging
  4792 | D:6      | Reached skill level 8 in Spellcasting
  4832 | D:6      | Found a blossoming altar of Fedhas.
  4846 | D:6      | Reached skill level 1 in Throwing
  4846 | D:6      | Reached skill level 5 in Stealth
  5221 | D:7      | Noticed Joseph
  5489 | D:6      | HP: 2/40 [wight/+4 great sword (12)]
  5745 | D:7      | Reached XP level 9. HP: 43/45 MP: 23/23
  5821 | D:7      | Noticed Menkaure
  6075 | D:7      | Shot with a sling bullet by Joseph

Illustrated notes

Levels and vault maps discovered:
D:1:      sevenhm_arrival_forest_fort_small_3, layout_rooms,
          chequers_serial_rivers_room_b, minmay_misc_feat_five
D:2:      layout_loops_ring, dreamdust_ecumenical_altar_angels_and_demons,
          serial_shops, shop
D:3:      layout_basic, grunt_temple_overflow_open, minmay_misc_feat_iff
D:4:      layout_basic, nicolae_overflow_quartered_altars, serial_shops,
          nicolae_diamond_shop
D:5:      layout_loops_ring, lemuel_doored_altar, minmay_misc_feat_rows,
          dreamdust_wishing_well
D:6:      layout_loops_cross, fedhas_altar_fruit_tree,
          minmay_temple_entry_glass, uniq_pikel, uniq_blork_the_orc
D:7:      layout_basic, uniq_menkaure, uniq_joseph, uniq_crazy_yiuf_cottage

Skill      XL: |  1  2  3  4  5  6  7  8 |
---------------+-------------------------+-----
Necromancy     | 5 6 7 |  7.4
Dodging        | 3 4 5 |  5.6
Stealth        | 3 4 5 |  5.4
Short Blades   | 1 3 |  3.7
Spellcasting   | 4 5 7 8 |  8.8
Conjurations   | 1 2 3 4 |  4.4
Translocations | 2 3 4 |  4.1
Throwing       | 1 |  1.0
Shields        | |  0.5

Action                     |  1- 3 |  4- 6 |  7- 9 || total
---------------------------+-------+-------+-------++-------
  Melee: Unarmed           |     9 |       |       ||     9
         Short sword       |     7 |       |       ||     7
         Dagger            |     8 |       |       ||     8
         Rapier            |    37 |    58 |    80 ||   175
         Punch             |     1 |     2 |     1 ||     4
  Throw: Dart              |       |     7 |     9 ||    16
   Cast: Vampiric Draining |     3 |    27 |    32 ||    62
         Magic Dart        |       |     4 |    11 ||    15
         Teleport Other    |       |       |     2 ||     2
    Use: Scroll            |     1 |       |     8 ||     9
         Potion            |       |       |     1 ||     1
   Stab: Sleeping          |     9 |    11 |     8 ||    28
 Armour: Robe              |     8 |    15 |    32 ||    55
  Dodge: Dodged            |    35 |    55 |   108 ||   198
